 Dungeon Crawl Stone Soup version 0.31.0-1-g2c135a008e (webtiles) character file.

Game seed: 15329341367162311134

129 qw the Shooter (level 5, -11/40 HPs)
             Began as a Djinni Hunter on Jan 23, 2024.
             Mangled by a gnoll sergeant
             ... wielding a +0 spear
              (12 damage)
             ... on level 3 of the Dungeon.
             The game lasted 00:00:08 (2059 turns).

qw the Shooter (Djinni Hunter)                      Turns: 2059, Time: 00:00:09

Health: -11/40     AC:  8    Str: 10    XL:     5   Next: 35%
Gold:   137        EV: 11    Int: 11    God:
                   SH:  0    Dex: 18

rFire   + + .        a - +0 shortbow
rCold   x . .        (shield currently unavailable)
rNeg    . . .        m - +0 ring mail
rPois   inf          n - +0 helmet
rElec   .            (no cloak)
rCorr   .            c - +1 pair of gloves
SInv    .            (boots unavailable)
Will    .....        (no amulet)
Stlth   +            (no ring)
HPRegen 0.26/turn    (no ring)
MPRegen 0.00/turn

%: infuse magic (-12 HP)
@: flying
A: sickness immunity, fire resistance 2, cold vulnerability 1, float, innate
caster, HP casting, extra vitality 1
a: no special abilities


You were on level 3 of the Dungeon.
You visited 1 branch of the dungeon, and saw 3 of its levels.

You collected 137 gold pieces.


Innate Abilities, Weirdness & Mutations

You are immune to sickness and miasma.
You are immune to poison.
Your flesh is very heat resistant. (rF++)
You are vulnerable to cold. (rC-)
You float through the air rather than walking.
You learn spells naturally, not from books.
Your magical power is your life essence.
You have superior vitality. (+4 MHP)


   Skills:
 - Level 3.0 Fighting
 + Level 4.7 Ranged Weapons
 - Level 1.0 Armour
 - Level 2.1 Dodging
 - Level 0.7 Stealth


You knew the following spells:

 Your Spells              Type           Power      Damage    Failure   Level
a - Slow                  Hex            0%         N/A       65%         1
b - Momentum Strike       Conj/Tloc      0%         3d8       80%         2
Your spell library was empty.

Inventory:

Hand Weapons
 a - a +0 shortbow (weapon)
Armour
 c - a +1 pair of gloves (worn)
 m - a +0 ring mail (worn)
 n - a +0 helmet (worn)
Scrolls
 b - a scroll of enchant weapon {unknown}
 d - a scroll of vulnerability {unknown}
Potions
 g - a potion of curing {unknown}
 h - a potion of heal wounds {unknown}
 j - 2 potions of resistance {unknown}
 k - a potion of might {unknown}
 l - a potion of degeneration {unknown}

Dungeon Overview and Level Annotations

Branches:
Dungeon (3/15)

Altars:
Ru


Message History

You kill the gnoll!
You shoot an arrow. The arrow hits the gnoll sergeant.
The gnoll sergeant is moderately wounded.
The gnoll sergeant hits you from afar with a +0 spear.
You shoot an arrow. The arrow hits the gnoll sergeant.
The gnoll sergeant is heavily wounded.
The gnoll sergeant hits you from afar with a +0 spear!
You shoot an arrow. The gnoll sergeant blocks the arrow.
The gnoll sergeant misses you. The gnoll sergeant barely misses you.
You shoot an arrow.
The arrow hits the gnoll but does no damage.
The gnoll sergeant misses you.
You shoot an arrow.
The arrow hits the gnoll but does no damage.
You hear a shout!
The gnoll misses you.
The gnoll sergeant hits you from afar with a +0 spear.
A gnoll comes into view. It is wielding a +0 spear.
You shoot an arrow. The arrow barely misses the gnoll.
The gnoll barely misses you. The gnoll sergeant closely misses you.
The gnoll sergeant hits you but does no damage.
The gnoll closely misses you.
You shoot an arrow. The arrow hits the gnoll.
The gnoll is lightly wounded.
The gnoll hits you with a +0 flail.
The gnoll sergeant hits you from afar with a +0 spear.
The gnoll hits you from afar with a +0 spear!
You shoot an arrow.
The arrow hits the gnoll but does no damage.
The gnoll is lightly wounded.
The gnoll barely misses you. x2
The gnoll sergeant hits you from afar with a +0 spear.
You shoot an arrow.
The arrow hits the gnoll but does no damage.
The gnoll is lightly wounded.
The gnoll hits you but does no damage.
The gnoll hits you from afar with a +0 spear.
The gnoll sergeant barely misses you. The gnoll hits you but does no damage.
The gnoll sergeant hits you from afar with a +0 spear!
You die...

...... .
###...........###
......
..#..#...##.###.#
......
.#....#..#...# .#
......
#.....#......# .#
......
.............#
#.#...
#.#.##%#.....#
.#...
#..........# ..
.. #....#..#..# .
...####@g#.....
......g.........
.....###g.#.####
... #..#.# #..# #
#..# ...# ##.#


You could see a gnoll sergeant and 2 gnolls.

Vanquished Creatures
  A gnoll (D:3)
  6 adders
  4 dart slugs
  A ribbon worm (D:3)
  An orc (D:3)
  8 ball pythons
  5 bats
  5 endoplasms
  7 giant cockroaches
  5 goblins
  2 hobgoblins (D:1)
  A quokka (D:3)
  3 frilled lizards
  4 kobolds
  4 rats
57 creatures vanquished.

Notes
Turn   | Place    | Note
-------+----------+-------------------------------------------
     0 | D:1      | qw the Djinni Hunter began the quest for the Orb.
     0 | D:1      | Reached XP level 1. HP: 18/18 MP: 0/0
     0 | D:1      | 0 ||| qw: Version: 0.3-a-136-gdd3b4e8
     0 | D:1      | 0 ||| qw: Game counter: 1002
     0 | D:1      | 0 ||| qw: Melee chars always use a shield: true
     0 | D:1      | 0 ||| qw: God list: Okawaru
     0 | D:1      | 0 ||| qw: Allow faded altars: false
     0 | D:1      | 0 ||| qw: Do Orc after clearing Dungeon:15 true
     0 | D:1      | 0 ||| qw: Do second Lair branch before Depths: true
     0 | D:1      | 0 ||| qw: Lair rune preference: random
     0 | D:1      | 0 ||| qw: Goals: Normal
     0 | D:1      | 0 ||| PLANNING D:1-11
   197 | D:1      | Reached XP level 2. HP: 22/23 MP: 0/0
   343 | D:1      | Reached XP level 3. HP: 24/28 MP: 0/0
   343 | D:1      | Learned a level 1 spell: Slow
   346 | D:1      | Reached skill level 4 in Ranged Weapons
   750 | D:1      | 750 ||| DROPPING scarf of shadows.
   751 | D:1      | 751 ||| UPGRADING to +0 ring mail.
   761 | D:1      | 761 ||| DROPPING +0 leather armour.
   762 | D:1      | 762 ||| UPGRADING to +0 helmet.
   767 | D:1      | 767 ||| READING scroll labelled IKKOEQ XOEQ.
   768 | D:1      | 768 ||| READING scroll labelled MIRUMEI GIYXT.
   769 | D:1      | 769 ||| READING scroll labelled LEONNI VAMPIR.
   770 | D:1      | 770 ||| DROPPING scroll of butterflies.
   847 | D:2      | Found a sacrificial altar of Ru.
   868 | D:2      | Reached skill level 1 in Armour
   895 | D:2      | Reached XP level 4. HP: 33/34 MP: 0/0
  1027 | D:2      | Identified the +5 scale mail "Vovobror" {*Slow Fly Stlth+}
  1057 | D:2      | Reached skill level 3 in Fighting
  1437 | D:2      | 1437 ||| UPGRADING to +0 pair of gloves.
  1442 | D:2      | 1442 ||| READING scroll labelled ONTEAD UPHI.
  1442 | D:2      | 1442 ||| ENCHANTING +0 pair of gloves.
  1443 | D:2      | 1443 ||| READING scroll labelled ZOHAIW BOSCH.
  1443 | D:2      | 1443 ||| IDENTIFYING murky coppery potion
  1444 | D:2      | 1444 ||| READING scroll labelled UFOHAARAEFRO.
  1445 | D:2      | 1445 ||| READING scroll labelled FOCOAM MOANG.
  1546 | D:2      | 1546 ||| DROPPING potion of lignification.
  1569 | D:3      | 1569 ||| STAIRDANCE
  1729 | D:3      | Reached XP level 5. HP: 40/40 MP: 0/0
  1729 | D:3      | Learned a level 2 spell: Momentum Strike
  1876 | D:3      | Found a sacrificial altar of Ru.
  2058 | D:3      | HP: 5/40 [gnoll sergeant/+0 spear (6)]
  2059 | D:3      | HP: 1/40 [gnoll/+0 spear[a gnoll sergeant] (4)]
  2059 | D:3      | Mangled by a gnoll sergeant

Levels and vault maps discovered:
D:1:      erik_arrival_cave_to_civilisation [erik_arrival_cave_to_hall],
          layout_basic, minmay_pentomino_w4
D:2:      layout_loops_ring, basic_altar, uniq_crazy_yiuf_cottage
D:3:      layout_basic, mainiacjoe_overflow_alcove_4, minivault_25,
          minivault_19, minmay_misc_feat_chi, st_stairs_8, serial_bayou_crossing

Skill      XL: |  1  2  3  4 |
---------------+-------------+-----
Ranged Weapons | 4 |  4.7
Armour         | 1 |  1.0
Fighting       | 3 |  3.0
Dodging        | |  2.1
Stealth        | |  0.7

Action                     |  1- 3 |  4- 6 || total
---------------------------+-------+-------++-------
   Fire: Shortbow          |    81 |   114 ||   195
    Use: Scroll            |     3 |     4 ||     7
 Armour: Leather armour    |    12 |       ||    12
         Ring mail         |     7 |    39 ||    46
  Dodge: Dodged            |    25 |    54 ||    79

Table legend:
 A = Non-vault XP
 B = Vault XP
 C = Vault XP percentage of total XP
 D = Non-vault monster count
 E = Vault monster count
 F = Vault count percentage of total count
                 A         B        C        D         E       F
            +---------+---------+-------+---------+---------+-------
      Total |     168 |      17 |   9.2 |      48 |       9 |  15.8
            +---------+---------+-------+---------+---------+-------
        D:1 |      31 |      13 |  29.5 |      17 |       7 |  29.2
        D:2 |      68 |       2 |   2.9 |      14 |       1 |   6.7
        D:3 |      69 |       2 |   2.8 |      17 |       1 |   5.6
            +---------+---------+-------+---------+---------+-------
